 Dungeon Crawl Stone Soup version 0.29.0-15-g675c0067aa (webtiles) character file.

Game seed: 4973386360101661673

60 DoubleLucky the Firebug (level 3, 0/26 HPs)
             Began as a Draconian Fire Elementalist on Sept 11, 2022.
             Slain by Crazy Yiuf
             ... wielding a +4 quarterstaff of chaos
              (8 damage)
             ... while petrified by Crazy Yiuf
             ... on level 2 of the Dungeon.
             The game lasted 00:05:51 (2333 turns).

DoubleLucky the Firebug (DrFE)                      Turns: 2333, Time: 00:05:52

Health: 0/26       AC:  5    Str: 10    XL:     3   Next: 82%
Magic:  0/6        EV:  2    Int: 23    God:
Gold:   52         SH:  0    Dex: 11    Spells: 0/6 levels left

rFire   . . .      SeeInvis .   k - +2 short sword (elec)
rCold   . . .      Faith    .   (no shield)
rNeg    + + +      Spirit   .   (body armour unavailable)
rPois   ∞          Reflect  +   (helmet restricted)
rElec   .          Harm     .   (no cloak)
rCorr   .          Rampage  .   (no gloves)
Will    .....                   (no boots)
Stlth   ++........              l - amulet of reflection
HPRegen 0.08/turn               m - +6 ring of intelligence
MPRegen 0.10/turn               (no ring)

@: petrified
A: AC +5, unfitting armour, cold-blooded
a: no special abilities


You were on level 2 of the Dungeon.
You visited 1 branch of the dungeon, and saw 2 of its levels.

You collected 52 gold pieces.

Inventory:

Hand Weapons
 d - a +0 short sword
 i - a +0 dagger
 k - a +2 short sword of electrocution (weapon)
Magical Staves
 b - a staff of air
Jewellery
 l - an amulet of reflection (around neck)
 m - a +6 ring of intelligence (left hand)
Scrolls
 e - a scroll of noise {unknown}
 g - 3 scrolls of identify {unknown}
 h - a scroll of poison {unknown}
 j - a scroll of vulnerability {unknown}
 n - a scroll of teleportation {unknown}
 p - a scroll of summoning {unknown}
Potions
 a - a potion of magic
 c - 2 potions of heal wounds {unknown}
 f - 2 potions of brilliance {unknown}
 o - a potion of curing {unknown}


   Skills:
 - Level 1.7 Dodging
 - Level 1.7 Stealth
 - Level 2.0 Spellcasting
 + Level 3.4 Conjurations
 + Level 3.4 Fire Magic


You couldn't memorise any spells.
You knew the following spells:

 Your Spells              Type           Power      Damage    Failure   Level
a - Foxfire               Conj/Fire      68%        2x1d7     3%          1
b - Scorch                Fire           34%        2d7       4%          2
c - Conjure Flame         Conj/Fire      17%        6-21      10%         3

Your spell library contained the following spells:

 Spells                   Type           Power      Damage    Failure   Level
 Inner Flame              Hex/Fire       10%        N/A       19%         3
 Flame Wave               Conj/Fire      17%        2d7       32%         4


Dungeon Overview and Level Annotations

Branches:
Dungeon (2/15)

Altars:
Gozag

Shops:
D:1 !!:

Annotations:
D:2 Crazy Yiuf


Innate Abilities, Weirdness & Mutations

Your plain brown scales are hard. (AC +5)
You cannot fit into any form of body armour.
You are cold-blooded and may be slowed by cold attacks.


Message History

Confirm with . or Enter, or press ? or * to list all spells.
You conjure some foxfire!
Casting: Foxfire (safe; 3% risk of failure)
Confirm with . or Enter, or press ? or * to list all spells.
You conjure some foxfire!
Your foxfire dissipates!
The foxfire hits the frilled lizard.
You kill the frilled lizard!
Your foxfire dissipates!
Your foxfire dissipates!
You now have 52 gold pieces (gained 6).
You see here a +0 scale mail.
You see here a frilled lizard corpse.
o - a dark potion You see here 6 stones.
p - a scroll labelled WYILIECRUI
There is a stone staircase leading down here.
Crazy Yiuf shouts!
You open the door.
Casting: Foxfire (safe; 3% risk of failure)
Confirm with . or Enter, or press ? or * to list all spells.
Flames lash Crazy Yiuf.
Crazy Yiuf is moderately wounded.
Crazy Yiuf's fire resistance burns away.
Crazy Yiuf hits you with a +4 quarterstaff of chaos.
You are slowing down.
Casting: Scorch (safe; 4% risk of failure)
Confirm with . or Enter, or press ? or * to list all spells.
Flames lash Crazy Yiuf.
Crazy Yiuf is burned terribly!
Crazy Yiuf is heavily wounded.
Crazy Yiuf barely misses you.
Your limbs are stiffening.
Casting: Scorch (safe; 4% risk of failure)
Confirm with . or Enter, or press ? or * to list all spells.
Flames lash Crazy Yiuf.
Crazy Yiuf is burned terribly!
Crazy Yiuf is severely wounded.
Crazy Yiuf hits you with a +4 quarterstaff of chaos! x2
You have turned to stone.
Crazy Yiuf hits you with a +4 quarterstaff of chaos.
Space warps horribly around you!
You die...

######.#.#
#.#
.....#.#.#
###
####.#.#.# #
#.#...#
##### #
#.#####
#..)# #.#
#...# #.#
... #.# #g#
#.# ##@# #.#
#.## #.#
#### ##.# #
#.####..#
#.##
####.#....##
##.##
....>....##
#...##
########.#
#....# #.##
#....#
#..#####..##


You could see Crazy Yiuf (combustible).

Vanquished Creatures
  An adder (D:2)
  A worm (D:2)
  4 endoplasms (D:1)
  4 giant cockroaches
  4 goblins
  5 hobgoblins (D:1)
  A quokka (D:1)
  7 ball pythons
  4 bats
  4 frilled lizards
  5 kobolds
  4 rats
44 creatures vanquished.

Vanquished Creatures (others)
  121 foxfires
121 creatures vanquished.

Grand Total: 165 creatures vanquished

Notes
Turn   | Place    | Note
-------+----------+-------------------------------------------
     0 | D:1      | DoubleLucky the Draconian Fire Elementalist began the quest
                  | for the Orb.
     0 | D:1      | Reached XP level 1. HP: 14/14 MP: 3/3
   100 | D:1      | Found Toragid's Distillery.
   428 | D:1      | Reached XP level 2. HP: 20/20 MP: 1/5
   433 | D:1      | Learned a level 2 spell: Scorch
   529 | D:1      | Found a faded altar of an unknown god.
   703 | D:1      | Found Laicloge's Distillery.
   798 | D:1      | Found Heis's Book Shop.
  1280 | D:1      | Reached XP level 3. HP: 26/26 MP: 3/6
  1284 | D:1      | Learned a level 3 spell: Conjure Flame
  1866 | D:2      | Found a runed translucent door.
  1867 | D:2      | Noticed Crazy Yiuf
  2094 | D:2      | Found an opulent altar of Gozag.
  2333 | D:2      | Slain by Crazy Yiuf

Illustrated notes

Levels and vault maps discovered:
D:1:      psy_arrival_whirlpool, layout_loops_ring, serial_shops,
          nicolae_shop_behind_doors, shop, nicolae_shop_trees,
          hellmonk_ecumenical_altar_run_dry, grunt_decor_one_mirror
D:2:      layout_basic, basic_altar, uniq_crazy_yiuf_cottage

Skill      XL: |  1  2 |
---------------+-------+-----
Conjurations   | 2 3 |  3.4
Dodging        | |  1.7
Stealth        | |  1.7
Spellcasting   | |  2.0
Fire Magic     | |  3.4

Action                   || total
-------------------------++-------
Melee: Unarmed           ||     8
       Short sword       ||    24
       Tailslap          ||     3
       Dagger            ||    11
       Punch             ||     1
 Cast: Foxfire           ||    76
       Scorch            ||     4
 Stab: Sleeping          ||     1
Armor: Skin              ||    21
Dodge: Dodged            ||    43
